 Dungeon Crawl Stone Soup version 0.30-a0-782-ge64f9170bb (console) character file.

Game seed: 17360514424673127328

9 rlgrobin the Sneak (level 2, 0/18 HPs)
             Began as a Deep Elf Delver on Feb 19, 2023.
             Was an Initiate of Dithmenos.
             Succumbed to an adder's poison
             ... on level 5 of the Dungeon.
             The game lasted 00:01:33 (320 turns).

rlgrobin the Sneak (Deep Elf Delver)                 Turns: 320, Time: 00:01:33

Health: 0/18       AC:  3    Str:  9    XL:     2   Next: 6%
Magic:  4/4        EV: 12    Int: 14    God:    Dithmenos [......]
Gold:   0          SH:  0    Dex: 16    Spells: 1/1 levels left

rFire   . . .      SeeInvis .    a - +0 short sword
rCold   . . .      Faith    .    (no shield)
rNeg    . . .      Spirit   .    b - +0 leather armour
rPois   .          Reflect  .    (no helmet)
rElec   .          Harm     .    (no cloak)
rCorr   .          Rampage  .    (no gloves)
Will    .....                    (no boots)
Stlth   +++                      (no amulet)
HPRegen 0.23/turn                (no ring)
MPRegen 0.09/turn                (no ring)

@: lethally poisoned (0 -> -1)
A: no striking features
a: Renounce Religion


You were on level 5 of the Dungeon.
You worshipped Dithmenos.
Dithmenos was noncommittal.
You visited 2 branches of the dungeon, and saw 3 of its levels.

Inventory:

Hand Weapons
 a - a +0 short sword (weapon)
Armour
 b - a +0 leather armour (worn)
Wands
 g - a wand of digging (3)
Scrolls
 c - a scroll of fog
Potions
 f - a potion of haste


   Skills:
 - Level 2.4 Fighting
 - Level 2.0 Short Blades
 - Level 2.4 Dodging
 + Level 6.6 Stealth


You had one spell level left.
You didn't know any spells.
Your spell library was empty.

Dungeon Overview and Level Annotations

Branches:
Dungeon (5/15)             Temple (1/1) D:5

Altars:
Dithmenos
Gozag
Hepliaklqana
Makhleb
Ru
Uskayaw
Vehumet
Yredelemnul


Message History

The adder misses you.
You closely miss the adder.
The adder is moderately wounded.
The adder bites you.
You hit the adder.
The adder is heavily wounded.
The adder barely misses you. The adder bites you.
You closely miss the adder.
The adder is heavily wounded.
The adder barely misses you.
You hit the adder.
The adder is almost dead.
The adder completely misses you.
You miss the adder.
The adder is almost dead.
The adder barely misses you.
You hit the adder but do no damage.
The adder is almost dead.
The adder bites you.
You barely miss the adder.
The adder is almost dead.
The adder bites you.
You are poisoned.
The adder poisons you!
You closely miss the adder.
The adder is almost dead.
You feel sick. The adder barely misses you.
The adder bites you but does no damage.
You closely miss the adder.
The adder is severely wounded.
You feel sick. The adder bites you.
* * * LOW HITPOINT WARNING * * *
You hit the adder.
You kill the adder!
Dithmenos accepts your kill.
* * * LOW HITPOINT WARNING * * *
You feel sick.
You have reached level 2!
Okay, then.
You die...

,,,,,,,,,,,,,,,,,,,,,,,,,,,,,,,,*
,,,,,,,,,,,**#.#,..,,,,,,,,,,,,,*
,,,,,....,,* #.#*.####..,,,,,,,,*
,,,,,....,,*##.##.......,,,,,,,,*
,,,,,.....,,,...........,,,,,,,,,
,,,,,.....,###.#........,,,,,,,,*
,,,,,......,..........#,,,,******
,,,,,......###†#.#....#.,,,* ***
,,,####*#.......@.......,,,* *,,
,,,,..# #.##..####.####.,,,* *,,
****#.# #..<.......##**,,,,* *,,
#####.#######........,,,,,,* *,,
...................##**,,,,* *,,
#####.############.#***,,,,* *,,
........#***#**,,,,..,*,,,,* *,,
######..#....,*,,,,,.,*,,,,* *,,
..............*,,,,,,,**,,** **,,


There were no monsters in sight!

Vanquished Creatures
  An adder (D:5)
1 creature vanquished.

Notes
Turn   | Place    | Note
-------+----------+-------------------------------------------
     0 | D:5      | rlgrobin the Deep Elf Delver began the quest for the Orb.
     0 | D:5      | Reached XP level 1. HP: 13/13 MP: 3/3
     9 | D:5      | Noticed an orc priest
    18 | D:5      | Found a staircase to the Ecumenical Temple.
    28 | Temple   | Entered the Ecumenical Temple
   198 | Temple   | Became a worshipper of Dithmenos the Shadowed
   274 | D:4      | Noticed an iguana
   320 | D:5      | Reached XP level 2. HP: 1/18 MP: 4/4
   320 | D:5      | Succumbed to an adder's poison

Illustrated notes

Levels and vault maps discovered:
D:4:      layout_basic, nemelex_diamond_rough_becter, uniq_menkaure, uniq_robin
D:5:      layout_basic, xom_confusion_cloud, minmay_temple_entry_glassed_door
Temple:   hellmonk_temple_forest_ring

Action                     || total
---------------------------++-------
  Melee: Short sword       ||    11
    Use: Scroll            ||     2
 Armour: Leather armour    ||     1
  Dodge: Dodged            ||     6

Table legend: (Time is in decaauts)
 A = Elapsed time spent in this place.
 B = Non-inter-level travel time spent in this place.
 C = Inter-level travel time spent in this place.
 D = Time resting spent in this place.
 E = Time spent auto-exploring this place.
 F = Levels seen in this place.
 G = Mean time per level.
                   A        B        C        D        E       F      G
               +--------+--------+--------+--------+--------+-----+--------+
         Total |    319 |    289 |     30 |     38 |    131 |   3 |  106.3 |
       Dungeon |    133 |    133 |      0 |     25 |      0 |   2 |   66.5 |
        Temple |    185 |    155 |     30 |     13 |    131 |   1 |  185.0 |
               +--------+--------+--------+--------+--------+-----+--------+

Top non-repeatable levels by time:
  Temple: 185 daAuts
     D:5: 128 daAuts
     D:4: 4 daAuts
